 Dungeon Crawl Stone Soup version 0.29-a0-43-g62a80824bf (webtiles) character file.

Game seed: 2476352615221826300

1267 testman the Skirmisher (level 8, -28/72 HPs)
             Began as a Palentonga Fighter on Feb 2, 2022.
             Was an Initiate of Yredelemnul.
             Killed by an exploding howler monkey skeleton (40 damage)
             ... ignited by their inner flame
             ... on level 6 of the Dungeon.
             The game lasted 00:14:26 (5704 turns).

testman the Skirmisher (Palentonga Fighter)         Turns: 5704, Time: 00:14:28

Health: -28/72     AC: 17    Str: 22    XL:     8   Next: 28%
Magic:  8/8        EV:  7    Int:  8    God:    Yredelemnul [......]
Gold:   206        SH:  4    Dex: 10    Spells: 7/7 levels left

rFire   x . .      SeeInvis +   A - +0 war axe (venom)
rCold   + + .      Faith    .   c - +0 buckler
rNeg    . . .      Spirit   .   v - +0 ice dragon scales
rPois   .          Reflect  .   (no helmet)
rElec   .          Harm     .   a - +0 cloak
rCorr   .          Rampage  .   g - +0 pair of gloves
Will    .....                   (no barding)
Stlth   ..........              (no amulet)
HPRegen 0.22/turn               (no ring)
MPRegen 0.11/turn               (no ring)

@: silenced, curled up
A: large, rugged brown scales 3, see invisible, deformed body, roll 1, armoured
tail, reflexive curl
a: Rolling Charge, Renounce Religion


You were on level 6 of the Dungeon.
You worshipped Yredelemnul.
Yredelemnul was noncommittal.
You visited 1 branch of the dungeon, and saw 6 of its levels.

You collected 206 gold pieces.

Inventory:

Hand Weapons
 A - a +0 war axe of venom (weapon)
Missiles
 e - 165 stones
 k - 2 poisoned darts
Armour
 a - a +0 cloak (worn)
 c - a +0 buckler (worn)
 g - a +0 pair of gloves (worn)
 v - +0 ice dragon scales (worn)
Jewellery
 w - a ring of ice
Wands
 b - a wand of paralysis (2)
Scrolls
 h - 3 scrolls of identify
 i - 3 scrolls of enchant weapon
 j - 2 scrolls of silence
 m - a scroll of brand weapon {unknown}
 o - a scroll of teleportation {unknown}
 p - a scroll of enchant armour {unknown}
 s - a scroll of vulnerability {unknown}
 u - a scroll of holy word {unknown}
 y - a scroll of fog {unknown}
 z - a scroll of fear {unknown}
Potions
 d - a potion of might
 l - a potion of resistance {unknown}
 n - 2 potions of curing
 q - a potion of heal wounds {unknown}
 r - a potion of attraction {unknown}
 t - 2 potions of lignification {unknown}
 x - 2 potions of flight {unknown}


   Skills:
 + Level 7.7 Fighting
 + Level 7.3 Axes
 - Level 2.4 Armour
 - Level 2.4 Shields


You had 7 spell levels left.
You didn't know any spells.
Your spell library contained the following spells:

 Spells                   Type           Power      Damage    Failure   Level
 Shock                    Conj/Air       0%         1d3       87%         1
 Sting                    Tmut/Pois      0%         1d3       87%         1
 Poisonous Vapours        Pois/Air       0%         N/A       95%         2
 Sublimation of Blood     Necr           0%         N/A       95%         2
 Wereblood                Tmut           0%         N/A       95%         2
 Conjure Flame            Conj/Fire      0%         6-21      99%         3
 Gell's Gravitas          Tloc           0%         N/A       99%         3
 Ignite Poison            Fire/Tmut/Pois 0%         N/A       99%         3
 Lesser Beckoning         Tloc           0%         N/A       99%         3
 Swiftness                Air            0%         N/A       99%         3
 Teleport Other           Tloc           0%         N/A       99%         3
 Airstrike                Air            0%         N/A       100%        4
 Olgreb's Toxic Radiance  Pois           0%         N/A       100%        4
 Sticky Flame             Conj/Fire      0%         2d3       100%        4
 Summon Hydra             Summ           0%         N/A       100%        7


Dungeon Overview and Level Annotations

Branches:
Dungeon (6/15)
 Temple: D:4-7

Altars:
Dithmenos
Gozag
Kikubaaqudgha
Okawaru
Vehumet
Xom
Yredelemnul

Shops:
D:2 (


Innate Abilities, Weirdness & Mutations

You are completely covered in rugged brown scales. (AC +3, +7% HP)
You have supernaturally acute eyesight. (SInv)
Armour fits poorly on your strangely shaped body.
You can roll at nearby foes to attack.
You have a long armoured tail.
You curl defensively after being hit. (AC +7*)


Message History

There is an open translucent door, spattered with blood here.
You see here a +2 quarterstaff of chaos.
You swap places.
You swap places.
You swap places.
There is a stone staircase leading down here.
You climb downwards.
Your mindless puppet stays behind to rot.
You hear the hiss of flowing sand.
There is an entrance to an ossuary on this level.
Hurry and find it before the portal is buried!
The hound barks!
There is a stone staircase leading up here.
Okay, then.
As you read the scroll labelled PELOUL OTYDWEC, it crumbles to dust.
The creatures around you are filled with an inner flame!
It was a scroll of immolation.
As you read the scroll labelled BOPI QYIHES, it crumbles to dust.
It is a scroll of identify.
i - 3 scrolls of enchant weapon
As you read the scroll labelled UHIOFO QIFEUM, it crumbles to dust.
A profound silence engulfs you.
It was a scroll of silence.
You hit the hound.
Flame seeps out of the hound.
The hound is poisoned.
The hound is lightly wounded.
Flame seeps out of the hound. x2
The hound is engulfed in blazing flames.
Flame seeps out of the hound.
The hound barely misses you.
The hound is engulfed in blazing flames.
A black mist starts to gather...
The hound explodes!
The fiery explosion engulfs your spectral hound!!!
You destroy your spectral hound!
The fiery explosion engulfs you!!! The fire burns you terribly!
Ouch! That really hurt!
* * * LOW HITPOINT WARNING * * *
The fiery explosion engulfs the howler monkey skeleton!!
The howler monkey skeleton explodes!
The fiery explosion engulfs you!!! The fire burns you terribly!
Ouch! That really hurt!
You die...
Your body rises from the dead as a mindless zombie.

#########
#.......#
#.......#
#.......#
#§.§....#
#§○§....#
#@§§....#
#§.§....#
####.####
.. ##


There were no monsters in sight!

Vanquished Creatures
  Sigmund (D:3)
  Duvessa (D:5)
  An ogre (D:5)
  2 water moccasin zombies
  Dowan (D:5)
  2 wights (D:4)
  A howler monkey (D:5)
  A human zombie (D:4)
  A jelly (D:5)
  A bullfrog zombie (D:4)
  2 hounds
  Crazy Yiuf (D:5)
  An orc priest (D:3)
  2 bullfrog skeletons (D:5)
  A scorpion zombie (D:4)
  Ijyb (D:5)
  Terence (D:2)
  2 orc wizards
  A spectral hound (D:6)
  4 hound zombies (D:4)
  2 mummies (D:4)
  A howler monkey zombie (D:4)
  3 gnolls (D:2)
  An adder (D:5)
  A howler monkey skeleton (D:6)
  A white imp (D:4)
  2 adder zombies (D:4)
  2 adder skeletons
  A dart slug (D:5)
  The ghost of elisander the Sneak, a weakling SpDe (D:5)
  10 orcs
  7 ball pythons
  4 bats
  10 endoplasms
  A giant cockroach (D:4)
  9 goblins
  4 hobgoblins
  3 jackals (D:2)
  4 quokkas
  4 frilled lizards (D:1)
  A jackal zombie (D:4)
  8 kobolds
  4 rats
112 creatures vanquished.

Vanquished Creatures (collateral kills)
  A hound (D:5)
  A dart slug (D:5)
  An orc (D:5)
3 creatures vanquished.

Vanquished Creatures (others)
  A spectral jelly (D:5)
  4 fungi (D:5)
5 creatures vanquished.

Grand Total: 120 creatures vanquished

Notes
Turn   | Place    | Note
-------+----------+-------------------------------------------
     0 | D:1      | testman the Palentonga Fighter began the quest for the Orb.
     0 | D:1      | Reached XP level 1. HP: 19/19 MP: 1/1
   293 | D:1      | Found a faded altar of an unknown god.
   299 | D:1      | Prayed at the altar of an unknown god.
   299 | D:1      | Became a worshipper of Vehumet
   299 | D:1      | Reached * piety under Vehumet
   299 | D:1      | Offered knowledge of Foxfire by Vehumet.
   304 | D:1      | Reached XP level 2. HP: 18/25 MP: 2/2
   690 | D:1      | Reached XP level 3. HP: 26/31 MP: 3/3
   955 | D:1      | Offered knowledge of Sandblast by Vehumet.
  1103 | D:2      | Reached ** piety under Vehumet
  1274 | D:2      | Reached XP level 4. HP: 29/39 MP: 4/4
  1383 | D:2      | Noticed Terence
  1386 | D:2      | Killed Terence
  1437 | D:2      | You fall into a shaft and drop 2 floors!
  1673 | D:4      | Reached XP level 5. HP: 37/46 MP: 5/5
  1810 | D:4      | Found a radiant altar of Vehumet.
  1824 | D:3      | Found an opulent altar of Gozag.
  1832 | D:3      | Noticed Sigmund
  1842 | D:3      | Killed Sigmund
  1843 | D:3      | Reached skill level 5 in Fighting
  1843 | D:3      | Reached XP level 6. HP: 25/54 MP: 6/6
  2022 | D:2      | Found Fab Adom's Weapon Shop.
  2378 | D:3      | Found a shimmering altar of Xom.
  2811 | D:3      | Reached skill level 5 in Axes
  3051 | D:4      | Found an ancient bone altar of Kikubaaqudgha.
  3419 | D:4      | Gained mutation: You curl defensively after being hit. (AC
                  | +7*) [Palentonga growth]
  3419 | D:4      | Reached XP level 7. HP: 43/62 MP: 7/7
  3825 | D:4      | Offered knowledge of Static Discharge by Vehumet.
  4041 | D:4      | Found a basalt altar of Yredelemnul.
  4055 | D:4      | Fell from the grace of Vehumet
  4055 | D:4      | Became a worshipper of Yredelemnul the Dark
  4539 | D:5      | Entered Level 5 of the Dungeon
  4622 | D:5      | Found an iron altar of Okawaru.
  4624 | D:5      | Reached * piety under Yredelemnul
  4670 | D:5      | Noticed Ijyb
  4676 | D:5      | Reached XP level 8. HP: 32/71 MP: 8/8
  4681 | D:5      | Killed Ijyb
  5037 | D:5      | Noticed Duvessa
  5037 | D:5      | Noticed Dowan
  5045 | D:5      | Killed Dowan
  5050 | D:5      | Killed Duvessa
  5072 | D:5      | HP: 3/71 [divine wrath (22)]
  5498 | D:5      | Found a shadowy altar of Dithmenos.
  5565 | D:5      | Found a runed translucent door.
  5565 | D:5      | Noticed elisander's ghost (weakling SpDe)
  5576 | D:5      | Killed elisander's ghost
  5660 | D:5      | Found a runed translucent door.
  5661 | D:5      | Noticed Crazy Yiuf
  5668 | D:5      | Killed Crazy Yiuf
  5704 | D:6      | Killed by an exploding howler monkey skeleton... ignited by
                  | their inner flame

Illustrated notes

Levels and vault maps discovered:
D:1:      onia_arrival_pyramid, layout_rooms, ebering_ecumenical_altar_box
D:2:      layout_loops_ring, serial_shops, nicolae_shop_hallway_stairs,
          uniq_terence
D:3:      layout_basic, mainiacjoe_overflow_cross_hatched,
          mainiacjoe_overflow_boulevard, hex_tiny, uniq_sigmund
D:4:      layout_basic, vehumet_crystals, lemuel_mausoleum_altar_kikubaaqudgha,
          nicolae_yredelemnul_corpse_copse
D:5:      layout_rooms, okawaru_metal_pillars_1_2,
          mainiacjoe_overflow_concentric_impassable, gammafunk_ghost_grave,
          uniq_ijyb, uniq_duvessa, uniq_crazy_yiuf_cottage
D:6:      lemuel_slime, layout_loops_cross, lemuel_round_altar,
          lemuel_crystal_altar, nicolae_ossuary_entry_ruins

Skill      XL: |  1  2  3  4  5  6  7  8 |
---------------+-------------------------+-----
Axes           | 3 4 5 6 7 |  7.3
Fighting       | 4 5 6 7 |  7.7
Armour         | |  2.4
Shields        | |  2.4

Action                   |  1- 3 |  4- 6 |  7- 9 || total
-------------------------+-------+-------+-------++-------
Melee: War axe           |    92 |   143 |   104 ||   339
       Tailslap          |    11 |    20 |    15 ||    46
 Abil: Rolling Charge    |     7 |     8 |     4 ||    19
  Use: Potion            |       |       |     1 ||     1
       Scroll            |       |       |     3 ||     3
Armor: Scale mail        |    50 |    47 |    20 ||   117
       Ice dragon scales |       |       |    15 ||    15
Dodge: Dodged            |    42 |    40 |    23 ||   105
Block: Buckler           |     6 |    20 |    11 ||    37

Table legend: (Time is in decaauts)
 A = Elapsed time spent in this place.
 B = Non-inter-level travel time spent in this place.
 C = Inter-level travel time spent in this place.
 D = Time resting spent in this place.
 E = Time spent auto-exploring this place.
 F = Levels seen in this place.
 G = Mean time per level.
                   A        B        C        D        E       F      G
               +--------+--------+--------+--------+--------+-----+--------+
         Total |   5806 |   5688 |    118 |    826 |   4013 |   6 |  967.7 |
       Dungeon |   5806 |   5688 |    118 |    826 |   4013 |   6 |  967.7 |
               +--------+--------+--------+--------+--------+-----+--------+

Top non-repeatable levels by time:
     D:4: 1943 daAuts
     D:5: 1173 daAuts
     D:1: 1091 daAuts
     D:3: 903 daAuts
     D:2: 690 daAuts
     D:6: 3 daAuts
